 Dungeon Crawl Stone Soup version 0.27-a0-732-ga892ba84f6 (webtiles) character file.

Game seed: 16804949346580949123

287 funkygono the Magician (level 6, -12/40 HPs)
             Began as a Djinni Air Elementalist on Mar 23, 2021.
             Mangled by an orc warrior
             ... wielding a +0 halberd
              (14 damage)
             ... on level 3 of the Dungeon.
             The game lasted 00:05:55 (4225 turns).

funkygono the Magician (Djinni Air Elementalist)    Turns: 4225, Time: 00:05:55

Health: -12/40     AC:  3    Str:  7    XL:     6   Next: 30%
Magic:  0/0        EV: 12    Int: 18    God:
Gold:   151        SH:  0    Dex: 14    Spells: 0/15 levels left

rFire    + . .     SeeInvis .   e - +2 dagger (elec)
rCold    . . .     Faith    .   (no shield)
rNeg     . . .     Spirit   .   k - +0 leather armour
rPois    ∞         Reflect  .   (no helmet)
rElec    .         Harm     .   (no cloak)
rCorr    .         Rampage  .   (no gloves)
Will     +....                  (boots unavailable)
Stlth    ++........             (no amulet)
HPRegen  0.13/turn              f - ring of willpower
MPRegen  0.00/turn              h - ring of ice

@: flying, hasted, very quick
A: fire resistance 2, cold vulnerability 1, float, innate caster, hp casting,
extra vitality 1
a: no special abilities


You were on level 3 of the Dungeon.
You visited 1 branch of the dungeon, and saw 3 of its levels.

You collected 151 gold pieces.

Inventory:

Hand Weapons
 c - a +1 dagger
 e - a +2 dagger of electrocution (weapon)
Armour
 a - a +0 robe
 k - a +0 leather armour (worn)
Jewellery
 f - a ring of willpower (right hand)
 h - a ring of ice (left hand)
Scrolls
 d - 2 scrolls of identify
 g - a scroll of teleportation
 j - a scroll of enchant armour {unknown}
Potions
 i - a potion of degeneration {unknown}


   Skills:
 + Level 0.2 Fighting
 * Level 0.1 Armour
 * Level 3.1 Dodging
 + Level 2.2 Stealth
 * Level 5.3 Spellcasting


You couldn't memorise any spells.
You knew the following spells:

 Your Spells              Type           Power      Damage    Failure   Level
a - Shock                 Conj/Air       92%        1d8       2%          1
b - Swiftness             Air            23%        N/A       3%          2
c - Static Discharge      Conj/Air       23%        N/A       6%          3
d - Airstrike             Air            11%        N/A       22%         4
e - Lightning Bolt        Conj/Air       11%        1d24      52%         5
f - Corona                Hex            25%        N/A       2%          1
g - Ensorcelled Hibernat  Hex/Ice        70%        N/A       3%          2
Your spell library was empty.

Dungeon Overview and Level Annotations

Branches:
Dungeon (3/15)

Altars:
Ru


Innate Abilities, Weirdness & Mutations

You are immune to poison.
Your flesh is very heat resistant. (rF++)
You are vulnerable to cold. (rC-)
You float through the air rather than walking.
You learn spells naturally, not from books.
Your magical power is your life essence.
You have superior vitality. (+4 HP)


Message History

Aim: an orc warrior, wielding a +0 halberd and wearing a +0 plate armour (moderately wounded, 26% to evade)
The zap hits the orc warrior.
The orc warrior is heavily wounded.
Casting: Shock (safe; 2% risk of failure)
Confirm with . or Enter, or press ? or * to list all spells.
Aiming: Shock (safe; 2% risk of failure)
Press: ? - help, Shift-Dir - straight line, f/p - orc warrior
Aim: an orc warrior, wielding a +0 halberd and wearing a +0 plate armour (heavily wounded, 26% to evade)
The zap hits the orc warrior but does no damage.
The orc warrior is heavily wounded.
Casting: Shock (safe; 2% risk of failure)
Confirm with . or Enter, or press ? or * to list all spells.
Aiming: Shock (safe; 2% risk of failure)
Press: ? - help, Shift-Dir - straight line, f/p - orc warrior
Aim: an orc warrior, wielding a +0 halberd and wearing a +0 plate armour (heavily wounded, 26% to evade)
The zap hits the orc warrior!
The orc warrior is severely wounded.
The orc warrior hits you from afar with a +0 halberd.
An orc priest and an orc wizard come into view.
The orc wizard is wielding a +0 dagger and carrying a wand of iceblast (8).
An orc comes into view. It is wielding a +0 hand axe.
The orc warrior hits you with a +0 halberd!!
* * * LOW HITPOINT WARNING * * *
Casting: Shock (safe; 2% risk of failure)
Confirm with . or Enter, or press ? or * to list all spells.
You don't have enough health to cast this spell.
Unknown command.
Casting: Shock (safe; 2% risk of failure)
Confirm with . or Enter, or press ? or * to list all spells.
You don't have enough health to cast this spell.
Unknown command.
Casting: Shock (safe; 2% risk of failure)
Confirm with . or Enter, or press ? or * to list all spells.
You don't have enough health to cast this spell.
Unknown command.
Unknown command.
You feel yourself speed up.
The orc priest shouts!
The orc warrior hits you with a +0 halberd!
You die...

........###....#
...............## #####
.......##.......#
....... #.......#######
.......##.............#
......................#
o..)........##.....)..#
..o.).......##.......###
#o@....##..........
#......##..........
#..................
#....†.............
######.............
#.......###### #.......#
#.......# #########


You could see an orc warrior, an orc wizard and an orc.

Vanquished Creatures
  A bullfrog (D:2)
  2 orc priests (D:3)
  3 adders (D:3)
  4 gnolls (D:3)
  2 dart slugs (D:1)
  11 orcs (D:3)
  6 ball pythons
  5 giant cockroaches
  8 goblins
  5 hobgoblins
  4 jackals
  7 oozes
  5 quokkas (D:2)
  7 bats
  5 frilled lizards
  5 kobolds
  6 rats
86 creatures vanquished.

Notes
Turn   | Place    | Note
-------+----------+-------------------------------------------
     0 | D:1      | funkygono the Djinni Air Elementalist began the quest for
                  | the Orb.
     0 | D:1      | Reached XP level 1. HP: 15/15 MP: 0/0
   145 | D:1      | Reached skill level 3 in Spellcasting
   214 | D:1      | Reached XP level 2. HP: 19/21 MP: 0/0
   736 | D:1      | Reached XP level 3. HP: 22/25 MP: 0/0
   736 | D:1      | Learned a level 1 spell: Corona
  1720 | D:2      | Found a sacrificial altar of Ru.
  2353 | D:2      | Reached XP level 4. HP: 29/31 MP: 0/0
  2783 | D:2      | Noticed a bullfrog
  2790 | D:2      | Killed a bullfrog
  2791 | D:2      | Reached skill level 4 in Spellcasting
  2791 | D:2      | Reached XP level 5. HP: 22/35 MP: 0/0
  2791 | D:2      | Learned a level 2 spell: Ensorcelled Hibernation
  3649 | D:3      | Reached skill level 5 in Spellcasting
  3649 | D:3      | Reached XP level 6. HP: 16/40 MP: 0/0
  4218 | D:3      | Noticed an orc warrior
  4224 | D:3      | HP: 2/40 [orc warrior/+0 halberd (19)]
  4225 | D:3      | Mangled by an orc warrior

Illustrated notes

Levels and vault maps discovered:
D:1:      elethiomel_arrival_shortcut, layout_basic
D:2:      layout_basic, nicolae_ru_sacrificial_ziggurat
D:3:      layout_basic

Skill      XL: |  1  2  3  4  5 |
---------------+----------------+-----
Spellcasting   | 3 4 5 |  5.3
Stealth        | 2 |  2.2
Dodging        | 3 |  3.1
Fighting       | |  0.2
Armour         | |  0.1

Action                   |  1- 3 |  4- 6 || total
-------------------------+-------+-------++-------
 Cast: Shock             |    76 |   101 ||   177
       Swiftness         |     1 |       ||     1
       Corona            |       |     1 ||     1
       Static Discharge  |       |     1 ||     1
  Use: Scroll            |     1 |     4 ||     5
       Potion            |       |     1 ||     1
Armor: Robe              |       |     1 ||     1
Dodge: Dodged            |     7 |     7 ||    14

Table legend: (Time is in decaauts)
 A = Elapsed time spent in this place.
 B = Non-inter-level travel time spent in this place.
 C = Inter-level travel time spent in this place.
 D = Time resting spent in this place.
 E = Time spent auto-exploring this place.
 F = Levels seen in this place.
 G = Mean time per level.
                   A        B        C        D        E       F      G
               +--------+--------+--------+--------+--------+-----+--------+
         Total |   4221 |   4050 |    171 |      0 |   3723 |   3 | 1407.0 |
       Dungeon |   4221 |   4050 |    171 |      0 |   3723 |   3 | 1407.0 |
               +--------+--------+--------+--------+--------+-----+--------+

Top non-repeatable levels by time:
     D:2: 1756 daAuts
     D:1: 1494 daAuts
     D:3: 970 daAuts
